AoeStats
← Aspen

Arena

510049161Analyzed
3v3 RM · 5d ago on Sep 29, 2026· 55m 53s· 6 players
Game mode
Random Map
Map size
Normal (6 player)
Population
200
Speed
Normal
Resources
Standard
Victory
Conquest
Starting age
Dark Age
Ending age
Imperial Age
RankedLock teamsTeams togetherTeam positionsShared explorationLock speedFull tech treeHidden civsTurbo modeCheats
Victory
Defeat
🇮🇳 Chinese · India
1234
+14
🇮🇳 Italians · India
1234
+14
🇺🇸 Khmer · United States
1182
+17
🇮🇳 Japanese · India
1221
-16
1195
-15
🇮🇳 Poles · India
1176
-14
Slow Walking Champi Warrior
9:29 Feudal Age
14:32 Castle Age
12:57 Double-Bit Axe
22:25 Wheelbarrow
22:10 Stone Mining
22:13 Gold Mining
22:05 Horse Collar
23:41 Bow Saw
25:34 Heavy Plow
26:07 Hand Cart
25:47 Loom
26:45 Town Watch
27:40 Gold Shaft Mining
28:28 Treadmill Crane
31:39 Imperial Age
29:03 Fletching
29:14 Scale Mail Armor
29:40 Forging
30:43 Ballistics
30:18 Murder Holes
31:01 Chain Mail Armor
31:53 Squires
31:39 Gambesons
32:40 Iron Casting
32:02 Bodkin Arrow
31:46 Elite Varangian Guard
33:01 Crop Rotation
33:33 Two-Man Saw
32:44 Siege Engineers
32:05 Shield Wall
33:07 Conscription
35:47 Elite Hearth Troop
37:30 Guilds
42:39 Masonry
43:07 Hoardings
43:36 Arson
49:05 Onager
olais
11:26 Feudal Age
15:38 Castle Age
13:57 Double-Bit Axe
14:25 Horse Collar
19:15 Forging
19:10 Scale Barding Armor
19:30 Bow Saw
19:32 Heavy Plow
21:44 Husbandry
25:12 Szlachta Privileges
27:13 Bloodlines
27:54 Gold Mining
27:55 Stone Mining
32:56 Imperial Age
33:10 Scale Mail Armor
33:45 Iron Casting
33:31 Chain Barding Armor
33:03 Fletching
33:39 Squires
33:27 Arson
33:35 Loom
34:25 Wheelbarrow
33:36 Town Watch
34:38 Stone Shaft Mining
33:52 Cavalier
33:56 Elite Obuch
35:00 Conscription
36:15 Lechitic Legacy
35:18 Light Cavalry
36:06 Winged Hussar
38:11 Blast Furnace
37:28 Chain Mail Armor
37:51 Hand Cart
37:37 Town Patrol
38:12 Crop Rotation
40:40 Plate Mail Armor
45:08 Bodkin Arrow
48:06 Padded Archer Armor
49:27 Chemistry
48:47 Ballistics
48:39 Fortified Wall
48:00 Elite Skirmisher
48:49 Thumb Ring
48:49 Bracer
49:05 Leather Archer Armor
49:07 Treadmill Crane
Aaaaaaah Do
11:27 Feudal Age
12:44 Loom
15:36 Castle Age
14:35 Double-Bit Axe
16:10 Horse Collar
24:02 Gambesons
24:18 Squires
24:27 Scale Mail Armor
25:36 Chain Mail Armor
27:11 Forging
30:48 Bow Saw
30:44 Heavy Plow
36:15 Gold Mining
36:16 Stone Mining
40:28 Imperial Age
39:14 Gold Shaft Mining
39:22 Iron Casting
41:54 Fortified Wall
42:13 Cavalier
42:53 Husbandry
43:05 Bloodlines
zucs
0:34 Loom
10:49 Feudal Age
14:57 Castle Age
13:28 Double-Bit Axe
15:55 Bow Saw
17:55 Horse Collar
20:35 Heavy Plow
21:44 Wheelbarrow
22:24 Gold Mining
23:04 Stone Mining
23:57 Hand Cart
28:00 Fletching
32:06 Imperial Age
30:28 Gold Shaft Mining
32:09 Heavy Scorpion
33:11 Rocketry
33:55 Chemistry
34:13 Ballistics
36:24 Capped Ram
37:32 Siege Ram
45:56 Scale Mail Armor
46:07 Forging
46:19 Conscription
ledoanh96
3:11 Loom
12:04 Feudal Age
16:30 Castle Age
15:17 Double-Bit Axe
20:17 Stone Mining
22:38 Bow Saw
25:16 Horse Collar
26:18 Wheelbarrow
26:00 Fletching
29:35 Imperial Age
27:53 Hand Cart
27:24 Town Watch
27:30 Town Watch
29:22 Gold Mining
30:14 Bloodlines
31:42 Chemistry
32:10 Conscription
32:46 Masonry
33:16 Murder Holes
34:27 Siege Engineers
34:55 Architecture
34:43 Light Cavalry
35:27 Husbandry
36:23 Stone Shaft Mining
36:25 Gold Shaft Mining
36:01 Scale Barding Armor
35:55 Bodkin Arrow
36:11 Forging
37:12 Chain Barding Armor
37:20 Elite Ballista Elephant
38:38 Padded Archer Armor
40:13 Double Crossbow
41:09 Hussar
43:22 Iron Casting
45:22 Plate Barding Armor
52:01 Blast Furnace
55:14 Ballistics
Aspen
10:15 Feudal Age
14:09 Castle Age
12:01 Double-Bit Axe
12:01 Horse Collar
15:35 Bow Saw
15:51 Heavy Plow
21:08 Wheelbarrow
22:36 Hand Cart
22:55 Town Watch
23:52 Stone Mining
24:59 Town Patrol
25:32 Coinage
25:04 Loom
25:14 Gold Mining
28:27 Imperial Age
25:23 Light Cavalry
26:04 Husbandry
27:09 Bloodlines
27:06 Scale Barding Armor
27:56 Forging
27:37 Fletching
28:09 Ballistics
29:30 Chain Barding Armor
29:47 Banking
30:44 Conscription
31:29 Chemistry
31:15 Stone Shaft Mining
30:06 Hussar
31:48 Elite Genoese Crossbowman
35:49 Bodkin Arrow
37:56 Bracer
38:32 Plate Barding Armor
38:33 Iron Casting
37:59 Padded Archer Armor
38:22 Masonry
40:27 Hoardings
42:29 Architecture
44:29 Thumb Ring
44:53 Pirotechnia
Connection lost

Rejoining the realm…

Still unreachable

The connection could not be restored.

Session expired

The server has moved on; the page needs a fresh start.